[Event "Titled Tuesday Blitz January 17 Late 2023"]
[White "Strahov, Andrej"]
[Black "Svane, Frederik"]
[WhiteFideId "4165489"]
[BlackFideId "12923044"]
[WhiteElo "2398"]
[BlackElo "2600"]
[Result "0-1"]
[Round "01"]
[TimeControl "180+2"]
[Date "2023.01.17"]
[WhiteClock "0:00:13"]
[BlackClock "0:00:06"]

1. e4 e6 2. d4 d5 3. Nc3 dxe4 4. Nxe4 Nd7 5. Nf3 Ngf6 6. Nxf6+ Nxf6 7. c3 b6 8. Bd3 Bb7 9. Bf4 Bd6 10. Bg3 O-O 11. Qe2 c5 12. dxc5 Bxc5 13. O-O-O Qc8 14. Be5 Be7 15. h4 h6 16. Kb1 Rd8 17. Bc2 Qc6 18. Bd4 Rac8 19. Ne5 Qe8 20. Rhg1 Nd5 21. g4 Bxh4 22. g5 Bxg5 23. Rxg5 hxg5 24. Qh5 Nf6 25. Qxg5 Rxd4 26. Rxd4 Rd8 27. Rh4 Rd5 28. Qg3 Qd8 29. a3 Qd6 30. f4 b5 31. Ng4 Rd1+ 32. Bxd1 Qxd1+ 33. Ka2 Bd5+ 34. c4 Bxc4+ 35. b3 Qc2+ 36. Ka1 Qc1+ 37. Ka2 Ne4 38. Nf6+ Nxf6 39. Qh2 Bxb3+ 40. Kxb3 Qc4+ 41. Kb2 Kf8 42. Rh8+ Ke7 43. Qd2 Nd5 44. f5 exf5 45. Qe2+ Qxe2+ 0-1


[Site "https://www.chess.com"]

[Event "Titled Tuesday Blitz January 17 Late 2023"]
[White "Rasulov, Vugar"]
[Black "Kuznecovs, Nikita"]
[WhiteFideId "13402390"]
[BlackFideId "11604557"]
[WhiteElo "2523"]
[BlackElo "2287"]
[Result "1-0"]
[Round "01"]
[TimeControl "180+2"]
[Date "2023.01.17"]
[WhiteClock "0:01:30"]
[BlackClock "0:00:17"]

1. e4 e6 2. d4 d5 3. Nc3 Nf6 4. Bg5 h6 5. Bxf6 Qxf6 6. exd5 Bb4 7. dxe6 Bxe6 8. Nf3 O-O 9. Be2 c5 10. O-O Bxc3 11. bxc3 Rd8 12. Ne5 Nd7 13. Ng4 Bxg4 14. Bxg4 Nb6 15. Qf3 cxd4 16. Qxf6 gxf6 17. cxd4 Rxd4 18. Bf3 Rc8 19. Rac1 Rdc4 20. Bxb7 R8c7 21. Bf3 Rxc2 22. Rxc2 Rxc2 23. Ra1 f5 24. Bd1 Rb2 25. Bb3 a5 26. g3 Kg7 27. Kf1 Kf6 28. Rc1 Nd7 29. Rc6+ Kg7 30. Rc2 Rxc2 31. Bxc2 f4 32. gxf4 Kf6 33. Ke2 Nc5 34. Ke3 Ke6 35. Kd4 Kd6 36. f5 f6 37. Kc4 Kc6 38. Bd1 Kd6 39. Kb5 Ne4 40. Kxa5 Nxf2 41. Bf3 Kc5 42. a4 Nd3 43. Ka6 Nb4+ 44. Kb7 Nc2 45. a5 Ne3 46. a6 Nxf5 47. a7 1-0


[Site "https://www.chess.com"]

[Event "Titled Tuesday Blitz January 17 Late 2023"]
[White "Ozates, Tuna"]
[Black "Pap, Gyula"]
[WhiteFideId "6354521"]
[BlackFideId "725323"]
[WhiteElo "2251"]
[BlackElo "2429"]
[Result "1/2-1/2"]
[Round "01"]
[TimeControl "180+2"]
[Date "2023.01.17"]
[WhiteClock "0:00:05"]
[BlackClock "0:00:03"]

1. e4 e5 2. Nf3 Nc6 3. Bc4 Nf6 4. d3 Be7 5. O-O O-O 6. Bb3 d6 7. c3 Na5 8. Bc2 c5 9. a3 Nc6 10. b4 a6 11. Re1 Re8 12. h3 h6 13. Nbd2 Bf8 14. Nb3 b5 15. d4 exd4 16. cxd4 cxb4 17. d5 Ne5 18. axb4 Nxf3+ 19. Qxf3 Nxd5 20. Bd2 Nb6 21. Bc3 Bd7 22. Rad1 Nc4 23. e5 dxe5 24. Qd3 e4 25. Qxd7 Qxd7 26. Rxd7 Rac8 27. Bxe4 Nd6 28. Nc5 a5 29. Bd5 axb4 30. Bxb4 Rxe1+ 31. Bxe1 Rxc5 32. Bb3 Rc8 33. Bd5 Rc5 34. Bb3 Rc8 35. Bd5 Kh8 36. Bb4 Nc4 37. Bxf8 Rxf8 38. Rxf7 Rxf7 39. Bxf7 Nd6 40. Bd5 g5 41. Kf1 Kg7 42. Ke2 Kf6 43. Kd3 Ke5 44. Bb3 Ne4 45. Ke3 Nc5 46. Bc2 b4 47. g3 b3 48. Bb1 Na4 49. f4+ gxf4+ 50. gxf4+ Kd5 51. Kd3 h5 52. h4 Nc5+ 53. Kc3 Ne6 54. Kxb3 Nxf4 55. Bc2 Ne2 56. Bd1 Nd4+ 57. Kc3 Nf5 58. Bxh5 Nxh4 1/2-1/2


[Site "https://www.chess.com"]

[Event "Titled Tuesday Blitz January 17 Late 2023"]
[White "Hansen, Eric"]
[Black "Gasparyan, David"]
[WhiteFideId "2606771"]
[BlackFideId "13311980"]
[WhiteElo "2609"]
[BlackElo "2142"]
[Result "1-0"]
[Round "01"]
[TimeControl "180+2"]
[Date "2023.01.17"]
[WhiteClock "0:00:24"]
[BlackClock "0:00:08"]

1. b3 d5 2. Bb2 c5 3. e3 f6 4. f4 Nc6 5. Nf3 e6 6. g4 Nge7 7. g5 Nf5 8. gxf6 gxf6 9. Rg1 Bd7 10. Nh4 Ng7 11. Nc3 a6 12. f5 Qe7 13. fxe6 Bxe6 14. Qf3 O-O-O 15. O-O-O Ne5 16. Qg2 Qd7 17. d4 Ng4 18. Qe2 f5 19. Na4 Qc7 20. h3 Nf6 21. Nxc5 Bxc5 22. dxc5 Rhf8 23. c6 Nge8 24. cxb7+ Qxb7 25. Qxa6 Qxa6 26. Bxa6+ Kc7 27. a4 Ne4 28. Nf3 N8d6 29. Rg7+ Rf7 30. Rdg1 Rdd7 31. Nd4 Nc5 32. Rxf7 Bxf7 33. Bb5 Re7 34. Ba3 Ndb7 35. Rg7 Kd8 36. Nc6+ Ke8 37. Nxe7+ Kxe7 38. a5 Ke6 39. a6 1-0


[Site "https://www.chess.com"]

[Event "Titled Tuesday Blitz January 17 Late 2023"]
[White "Arenas, David"]
[Black "Melkumyan, Hrant"]
[WhiteFideId "4403177"]
[BlackFideId "13302485"]
[WhiteElo "2426"]
[BlackElo "2645"]
[Result "1-0"]
[Round "01"]
[TimeControl "180+2"]
[Date "2023.01.17"]
[WhiteClock "0:00:23"]
[BlackClock "0:00:02"]

1. e4 c6 2. d4 d5 3. e5 Bf5 4. Nd2 e6 5. Nb3 Nd7 6. Nf3 c5 7. dxc5 Bxc5 8. Nxc5 Nxc5 9. Bb5+ Nd7 10. O-O Ne7 11. Bd3 O-O 12. Re1 Rc8 13. Bxf5 Nxf5 14. c3 Nc5 15. Be3 Nxe3 16. Rxe3 Qb6 17. Re2 Rc7 18. Nd4 Rfc8 19. Nb3 a5 20. Nxc5 Rxc5 21. Qd4 Qb5 22. Rae1 a4 23. a3 Rc4 24. Qd1 h6 25. Rd2 Qc5 26. h3 Rd8 27. Re3 Rc8 28. Red3 Qb5 29. Re3 R8c6 30. Rg3 Rb6 31. Qh5 Kf8 32. Qe2 Re4 33. Qxb5 Rxb5 34. Re3 Rxe3 35. fxe3 Ke7 36. Kf2 f6 37. exf6+ Kxf6 38. Kf3 Ke5 39. Ke2 Kf5 40. Kd3 e5 41. Rf2+ Ke6 42. e4 dxe4+ 43. Kxe4 Rc5 44. Rf8 Rc4+ 45. Kd3 b5 46. Re8+ Kf5 47. Rf8+ Kg5 48. g3 h5 49. Re8 Kf5 50. Rf8+ Ke6 51. Re8+ Kf6 52. Rf8+ Ke7 53. Rf5 Rc5 54. Ke4 Ke6 55. Rxh5 Rd5 56. Rg5 Rc5 57. Rxg7 Rc4+ 58. Ke3 Kd5 59. h4 Re4+ 60. Kd3 Re1 61. h5 e4+ 62. Kd2 Rh1 63. g4 Kc4 64. Rg6 Kb3 65. h6 Kxb2 66. g5 Kxa3 67. Rg7 Kb2 68. h7 a3 69. g6 a2 70. Ra7 a1=Q 71. Rxa1 Kxa1 72. g7 Rxh7 73. g8=Q Rh2+ 74. Kc1 Rh1+ 75. Kc2 Rh2+ 76. Kb3 Rb2+ 77. Ka3 Kb1 78. Qg1+ Kc2 79. Qf2+ Kxc3 80. Qxb2+ Kd3 81. Qxb5+ Kd2 82. Kb2 e3 83. Qd5+ Ke1 84. Kc2 e2 85. Qh1+ Kf2 86. Qh2+ Kf1 87. Qf4+ Kg1 88. Qe3+ 1-0


[Site "https://www.chess.com"]

[Event "Titled Tuesday Blitz January 17 Late 2023"]
[White "Jones, Gawain C B"]
[Black "Kaplan, Avi Harrison"]
[WhiteFideId "409561"]
[BlackFideId "30934559"]
[WhiteElo "2618"]
[BlackElo "2146"]
[Result "0-1"]
[Round "01"]
[TimeControl "180+2"]
[Date "2023.01.17"]
[WhiteClock "0:00:06"]
[BlackClock "0:00:11"]

1. Nf3 c5 2. e4 d6 3. c3 Nf6 4. Be2 Nc6 5. d4 cxd4 6. cxd4 Nxe4 7. d5 Qa5+ 8. Nc3 Nxc3 9. bxc3 Ne5 10. Nxe5 Qxc3+ 11. Bd2 Qxe5 12. O-O Bd7 13. Rb1 Qxd5 14. Bf3 Qf5 15. Rxb7 Rd8 16. Qb3 e5 17. Rc1 Be7 18. Rxd7 Rxd7 19. Rc8+ Rd8 20. Rc7 Qf6 21. Bc6+ Kf8 22. Bd5 g5 23. Rxa7 Kg7 24. h3 Rb8 25. Qg3 h6 26. Ra3 Qg6 27. Ra7 Qf6 28. Kh2 Rb2 29. Bc3 Rc2 30. Bb3 Re2 31. Bc4 Re4 32. Bd5 Re2 33. a4 Rc8 34. Qd3 Qxf2 35. Bf3 Qxa7 36. Qxe2 Rxc3 37. Qe4 Qd4 38. Qf5 Qf4+ 39. Qxf4 gxf4 40. Kg1 Ra3 41. Bc6 d5 42. Kf2 d4 43. Ke2 Bb4 44. Bb5 e4 45. Bc6 Ra2+ 46. Kd1 d3 47. Kc1 Bc3 48. Bxe4 Ra1# 0-1


[Site "https://www.chess.com"]

[Event "Titled Tuesday Blitz January 17 Late 2023"]
[White "Goncalves, Davi Sulzbacher"]
[Black "Ibarra Jerez, Jose Carlos"]
[WhiteFideId "2154510"]
[BlackFideId "2226332"]
[WhiteElo "2282"]
[BlackElo "2563"]
[Result "0-1"]
[Round "01"]
[TimeControl "180+2"]
[Date "2023.01.17"]
[WhiteClock "0:00:09"]
[BlackClock "0:01:48"]

1. d4 Nf6 2. Nf3 g6 3. c4 d6 4. Nc3 Bf5 5. Qb3 b6 6. g3 Bg7 7. Bg2 Nc6 8. Qa4 Bd7 9. Qc2 O-O 10. O-O Bg4 11. e3 e5 12. dxe5 dxe5 13. a3 Bf5 14. Qe2 Bd3 15. Qe1 Bxc4 16. Nd2 Bxf1 17. Bxc6 Bh3 18. Bxa8 Qxa8 19. f3 h5 20. Nde4 Nxe4 21. Nxe4 Bf5 22. Nd2 e4 23. f4 Qd5 24. Nf1 Rd8 25. Rb1 Qa2 26. Bd2 Bxb2 27. Rd1 Bg4 28. Rb1 Bh3 29. Rd1 Bc3 30. Qf2 Bxf1 31. Bxc3 Qxf2+ 32. Kxf2 Rxd1 0-1


[Site "https://www.chess.com"]

[Event "Titled Tuesday Blitz January 17 Late 2023"]
[White "Kravtsiv, Martyn"]
[Black "Jovic, Stanoje"]
[WhiteFideId "14113147"]
[BlackFideId "905020"]
[WhiteElo "2598"]
[BlackElo "2075"]
[Result "0-1"]
[Round "01"]
[TimeControl "180+2"]
[Date "2023.01.17"]
[WhiteClock "0:00:02"]
[BlackClock "0:00:08"]

1. e4 c6 2. Nf3 d5 3. d3 dxe4 4. dxe4 Qxd1+ 5. Kxd1 Bg4 6. Nd2 Nd7 7. Be2 Bxf3 8. Bxf3 h5 9. c3 g6 10. Kc2 Bh6 11. Be2 Ngf6 12. f3 Ne5 13. Rd1 O-O-O 14. a4 h4 15. a5 Rd7 16. Nb3 Rxd1 17. Kxd1 Rd8+ 18. Kc2 Bxc1 19. Rxc1 Nh5 20. a6 b6 21. Nd4 Nf4 22. Bf1 Kc7 23. Rd1 g5 24. b4 Rd6 25. Re1 Rf6 26. Re3 e6 27. c4 Nh5 28. c5 b5 29. h3 Nf4 30. Re1 Rh6 31. Rd1 Rh8 32. Kc3 Nh5 33. Rd2 Ng3 34. Bxb5 cxb5 35. Nxb5+ Kb8 36. Nd6 Rd8 37. b5 f5 38. Kb4 Kc7 39. b6+ axb6 40. Nb5+ Kc8 41. Rxd8+ Kxd8 42. cxb6 Kc8 43. Kc5 fxe4 44. Nd6+ Kb8 45. fxe4 Nd3+ 46. Kb5 g4 47. Nc4 Nxe4 48. a7+ Ka8 49. Na5 Ndc5 50. Kc6 g3 51. Kc7 Na6+ 52. Kc6 Nb4+ 53. Kb5 Nd5 54. Nc4 Nec3+ 55. Kc6 Na4 0-1


[Site "https://www.chess.com"]

[Event "Titled Tuesday Blitz January 17 Late 2023"]
[White "Novikov, Evgenij"]
[Black "Remizov, Yaroslav"]
[WhiteFideId "4125380"]
[BlackFideId "34134015"]
[WhiteElo "2276"]
[BlackElo "2421"]
[Result "0-1"]
[Round "01"]
[TimeControl "180+2"]
[Date "2023.01.17"]
[WhiteClock "0:00:05"]
[BlackClock "0:00:06"]

1. d4 d5 2. c4 e6 3. cxd5 exd5 4. Nc3 c6 5. Nf3 Bd6 6. Bg5 Ne7 7. e3 O-O 8. Bd3 f6 9. Bh4 Bf5 10. Bg3 Bxd3 11. Qxd3 Na6 12. a3 Nc7 13. O-O Qd7 14. Bxd6 Qxd6 15. b4 Ne6 16. Rab1 a5 17. Rb3 axb4 18. axb4 Ra7 19. Rfb1 Rfa8 20. g3 g6 21. Kg2 Kg7 22. h4 h5 23. Qd2 b5 24. Ne1 Nc8 25. Nd3 Nb6 26. Nc5 Nc4 27. Qe2 Nxc5 28. dxc5 Qe5 29. Qd3 Ra3 30. Qd1 Qf5 31. Rxa3 Rxa3 32. Rb3 Ra8 33. Qb1 Qe5 34. Qd3 Ra1 35. Rb1 Ra3 36. Rc1 Rb3 37. Qd4 Rxb4 38. Qxe5 fxe5 39. Ra1 d4 40. exd4 exd4 41. Ne4 Ra4 42. Rd1 Ne5 43. f4 Ng4 44. Nd6 Ne3+ 0-1


[Site "https://www.chess.com"]

[Event "Titled Tuesday Blitz January 17 Late 2023"]
[White "Abdrlauf, Elham"]
[Black "reevecanada"]
[WhiteFideId "1533533"]
[WhiteElo "2518"]
[BlackElo "2474"]
[Result "1-0"]
[Round "01"]
[TimeControl "180+2"]
[Date "2023.01.17"]
[WhiteClock "0:00:10"]
[BlackClock "0:00:20"]

1. e4 c6 2. d4 d5 3. Nc3 dxe4 4. Nxe4 Nf6 5. Nxf6+ exf6 6. Bd3 Bd6 7. Qh5 Nd7 8. Ne2 g6 9. Qh6 Bf8 10. Qe3+ Qe7 11. O-O Bg7 12. Qxe7+ Kxe7 13. c4 Rd8 14. Be3 b6 15. Rad1 Bb7 16. Nc3 c5 17. d5 f5 18. Bg5+ Bf6 19. Rfe1+ Kf8 20. Bxf6 Nxf6 21. f3 a6 22. Kf2 Re8 23. a3 Rxe1 24. Rxe1 Ne8 25. Na4 Rb8 26. Nxb6 Bc6 27. dxc6 Rxb6 28. b4 cxb4 29. c5 Rb8 30. axb4 Rxb4 31. Bxa6 Nc7 32. Bf1 Rb2+ 33. Re2 Rb5 34. Rc2 Ra5 35. f4 Ke7 36. g3 Ne6 37. Bg2 Rxc5 38. Rxc5 Nxc5 39. Ke3 Ne6 40. Kd3 Kd6 41. Kc4 Kc7 42. Kd5 Nd8 43. Ke5 h6 44. Bd5 h5 45. Kf6 h4 46. Ke7 hxg3 47. hxg3 f6 48. Kxf6 Kd6 49. Kxg6 Ke7 50. Kxf5 Kd6 51. Ke4 Kc7 52. g4 Kd6 53. g5 Ke7 54. f5 Kd6 55. g6 Nxc6 56. Bxc6 Kxc6 57. g7 Kc5 58. g8=Q Kb4 59. Qd5 Kc3 60. f6 Kc2 61. f7 Kc3 62. f8=Q Kc2 63. Qfd6 Kc3 64. Q6c6+ Kb2 65. Qdb5+ Ka1 66. Qca6# 1-0


[Site "https://www.chess.com"]

[Event "Titled Tuesday Blitz January 17 Late 2023"]
[White "Rojas Salas, Steven"]
[Black "Kadric, Denis"]
[WhiteFideId "3819434"]
[BlackFideId "14403803"]
[WhiteElo "2217"]
[BlackElo "2601"]
[Result "0-1"]
[Round "01"]
[TimeControl "180+2"]
[Date "2023.01.17"]
[WhiteClock "0:00:30"]
[BlackClock "0:00:22"]

1. d4 d6 2. Nf3 Nf6 3. c4 Nbd7 4. Nc3 e5 5. g3 c6 6. Bg2 e4 7. Ng5 d5 8. h4 Bb4 9. cxd5 cxd5 10. O-O O-O 11. Bf4 h6 12. Nh3 Nb6 13. Be5 Ng4 14. Bf4 Be6 15. f3 Nf6 16. fxe4 Bxc3 17. bxc3 Nxe4 18. Nf2 Nxc3 19. Qd3 Rc8 20. Bd2 Nca4 21. Qb3 Qd7 22. Nd3 Nc4 23. Bf4 f6 24. Rab1 b6 25. Qb5 Rfd8 26. Qxd7 Rxd7 27. Rfc1 a5 28. h5 Bg4 29. Bf3 Bxf3 30. exf3 Re8 31. Kf2 Rde7 32. Re1 Nc3 33. Rxe7 Rxe7 34. Rb3 Nxa2 35. Rb5 Nc3 36. Rb3 Ne2 37. Rb5 Nxd4 38. Rxd5 Ne6 39. Bc1 Rc7 40. Ke2 Kf7 41. Nf4 Nxf4+ 42. Bxf4 Re7+ 43. Kf2 Ne5 44. Be3 Rb7 45. Rb5 Nc4 46. Bd4 Ke6 47. g4 Kd6 48. f4 Kc6 49. Rb1 a4 50. Bc3 a3 51. Bb4 a2 52. Ra1 Ra7 53. Bf8 Kb5 54. Bxg7 Rxg7 55. Rxa2 Rxg4 56. Kf3 Rh4 57. Rh2 Rxh2 58. Kg4 Ne3+ 59. Kf3 Rxh5 60. Ke4 Rh3 61. Kd3 Kc5 62. Ke4 Kd6 63. f5 Rh4+ 64. Kf3 Ke5 65. Ke2 Nd5 66. Kd3 Rd4+ 67. Kc2 Kxf5 68. Kb3 Rb4+ 69. Ka2 Ke4 70. Ka3 Kd3 71. Ka2 Kc3 72. Ka3 h5 73. Ka2 Rb3 74. Ka1 h4 75. Ka2 h3 76. Ka1 h2 77. Ka2 f5 78. Ka1 f4 79. Ka2 f3 80. Ka1 f2 81. Ka2 b5 82. Ka1 b4 83. Ka2 Nf4 84. Ka1 Nd3 85. Ka2 Ne1 86. Ka1 f1=Q 87. Ka2 h1=Q 88. Ka1 Qd5 89. Ka2 Qdf7 90. Ka1 Nc2+ 91. Ka2 Ra3# 0-1


[Site "https://www.chess.com"]

[Event "Titled Tuesday Blitz January 17 Late 2023"]
[White "Pichot, Alan"]
[Black "Thorhallsson, Simon"]
[WhiteFideId "110973"]
[BlackFideId "2310090"]
[WhiteElo "2638"]
[BlackElo "2171"]
[Result "1-0"]
[Round "01"]
[TimeControl "180+2"]
[Date "2023.01.17"]
[WhiteClock "0:00:30"]
[BlackClock "0:00:24"]

1. Nf3 Nf6 2. b3 e6 3. g3 d5 4. Bg2 Be7 5. O-O O-O 6. c4 c5 7. cxd5 exd5 8. d4 Nc6 9. Bb2 Be6 10. Nc3 Qd7 11. dxc5 Bxc5 12. Na4 Be7 13. Rc1 Rfd8 14. Nc5 Qe8 15. Nxb7 Rdb8 16. Nc5 a5 17. Nxe6 fxe6 18. Ng5 Nd8 19. e4 h6 20. exd5 hxg5 21. d6 Bf8 22. Bxa8 Rxa8 23. Qf3 Ra7 24. Rc8 Qd7 25. Rfc1 Nd5 26. Qh5 Qxd6 27. Qe8 Rd7 28. Be5 Qe7 29. Qg6 Qf7 30. Qxg5 Be7 31. Qg4 Bf6 32. Bxf6 Qxf6 33. Re1 Kf7 34. Qh5+ Qg6 35. Qh4 Qf6 36. Qa4 Nb7 37. Qxd7+ Qe7 38. Qxd5 exd5 39. Rxe7+ Kxe7 40. Rc7+ 1-0


[Site "https://www.chess.com"]

[Event "Titled Tuesday Blitz January 17 Late 2023"]
[White "Zhigalko, Sergei"]
[Black "Radovanovic, Dusan"]
[WhiteFideId "13502956"]
[BlackFideId "926868"]
[WhiteElo "2572"]
[BlackElo "2311"]
[Result "1-0"]
[Round "01"]
[TimeControl "180+2"]
[Date "2023.01.17"]
[WhiteClock "0:02:56"]
[BlackClock "0:02:33"]

1. e4 c5 2. Nf3 d6 3. d4 cxd4 4. Qxd4 a6 5. Bc4 Nc6 6. Qd3 e6 7. Nc3 Nf6 8. Bf4 Qc7 9. O-O-O Ne5 10. Nxe5 dxe5 11. Bxe5 Qa5 12. Nb5 1-0


[Site "https://www.chess.com"]

[Event "Titled Tuesday Blitz January 17 Late 2023"]
[White "Khandelwal, Ankush"]
[Black "Gorodetzky, David"]
[WhiteFideId "413470"]
[BlackFideId "2813416"]
[WhiteElo "2205"]
[BlackElo "2485"]
[Result "1-0"]
[Round "01"]
[TimeControl "180+2"]
[Date "2023.01.17"]
[WhiteClock "0:00:21"]
[BlackClock "0:01:45"]

1. e4 c5 2. Nf3 d6 3. d4 cxd4 4. Nxd4 Nf6 5. Nc3 g6 6. Be3 Bg7 7. f3 O-O 8. Qd2 Nc6 9. O-O-O d5 10. Nxc6 bxc6 11. Bh6 Bxh6 12. Qxh6 e5 13. exd5 cxd5 14. h4 d4 15. h5 Be6 16. hxg6 fxg6 17. Ne4 Qc7 18. Bd3 Rac8 19. Ng5 Bf5 20. Bxf5 gxf5 21. Kb1 Qxc2+ 22. Ka1 Rb8 23. Rb1 Rb7 24. Ne6 Rff7 25. Qg5+ Kh8 26. Rhc1 Qa4 27. Qxf6+ 1-0


[Site "https://www.chess.com"]

[Event "Titled Tuesday Blitz January 17 Late 2023"]
[White "Mikaelyan, Arman"]
[Black "Andrews, Todd"]
[WhiteFideId "13304852"]
[BlackFideId "2012456"]
[WhiteElo "2523"]
[BlackElo "2220"]
[Result "1-0"]
[Round "01"]
[TimeControl "180+2"]
[Date "2023.01.17"]
[WhiteClock "0:01:54"]
[BlackClock "0:01:05"]

1. d4 Nf6 2. c4 c5 3. d5 b5 4. cxb5 a6 5. bxa6 g6 6. Nc3 Bg7 7. a7 Rxa7 8. e4 O-O 9. Nf3 Qa5 10. Bd2 Qb4 11. Qc2 Ra8 12. e5 Ng4 13. Nb5 Qa4 14. b3 Qa6 15. Nc7 Qb7 16. Nxa8 Nxe5 17. Nxe5 Bxe5 18. Bc3 Bxc3+ 19. Qxc3 Qxa8 20. Bc4 d6 21. O-O Nd7 22. Rfe1 Re8 23. a4 Bb7 24. a5 Bxd5 25. Bxd5 Qxd5 26. a6 e5 27. a7 Ra8 28. Qf3 Qxf3 29. gxf3 Nb6 30. Ra6 Nc8 31. Rea1 Kf8 32. Rc6 Ne7 33. Rb6 1-0


[Site "https://www.chess.com"]

[Event "Titled Tuesday Blitz January 17 Late 2023"]
[White "Hajiyev, Kanan"]
[Black "Bernadskiy, Vitaliy"]
[WhiteFideId "13404148"]
[BlackFideId "14100371"]
[WhiteElo "2197"]
[BlackElo "2592"]
[Result "0-1"]
[Round "01"]
[TimeControl "180+2"]
[Date "2023.01.17"]
[WhiteClock "0:00:13"]
[BlackClock "0:01:56"]

1. d4 Nf6 2. Nf3 g6 3. c4 Bg7 4. Nc3 d5 5. Bf4 O-O 6. e3 c5 7. dxc5 Ne4 8. Qb3 Na6 9. cxd5 Naxc5 10. Qa3 Nxc3 11. bxc3 Ne4 12. Bc4 b5 13. Bb3 b4 14. Qa4 Bxc3+ 15. Ke2 Bd7 16. Qa6 Qe8 17. Bc4 Rc8 18. Bd3 Nc5 19. Qxa7 Nxd3 20. Kxd3 Bb5+ 0-1


[Site "https://www.chess.com"]

[Event "Titled Tuesday Blitz January 17 Late 2023"]
[White "Baskakov, Egor"]
[Black "Titus, Andrew"]
[WhiteFideId "24197866"]
[BlackFideId "2059770"]
[WhiteElo "2215"]
[BlackElo "2124"]
[Result "1-0"]
[Round "01"]
[TimeControl "180+2"]
[Date "2023.01.17"]
[WhiteClock "0:00:11"]
[BlackClock "0:00:01"]

1. e4 c5 2. Nf3 d6 3. d4 cxd4 4. Nxd4 Nf6 5. Nc3 a6 6. a4 e6 7. g3 b6 8. Bg2 Bb7 9. O-O Qc7 10. Re1 Be7 11. Nb1 O-O 12. b3 Nc6 13. c4 Nxd4 14. Qxd4 Nd7 15. Bb2 Bf6 16. Qd2 Bxb2 17. Qxb2 Nc5 18. Qc2 f5 19. Nc3 f4 20. Rad1 fxg3 21. hxg3 Rf6 22. e5 dxe5 23. Bxb7 Qxb7 24. Rxe5 Raf8 25. Rd2 Qf3 26. Re3 Qh5 27. Qd1 Qh3 28. Qf1 Qh5 29. Ne4 Rh6 30. Qg2 Nxe4 31. Rxe4 Qc5 32. Re3 b5 33. axb5 axb5 34. Qe4 bxc4 35. bxc4 Rc8 36. Red3 Qa5 37. Qg4 Rg6 38. Qe4 Rf8 39. Re2 Qb6 40. Kg2 Rgf6 41. f4 Rg6 42. Rde3 Qc7 43. Rf3 Rgf6 44. Rc2 Rd8 45. c5 Rd5 46. c6 Rd6 47. Rfc3 Rf8 48. Rb3 Rfd8 49. Rb7 Rd2+ 50. Rxd2 Rxd2+ 51. Kf3 Qd6 52. c7 Rd3+ 53. Kg4 h5+ 54. Kxh5 Qc5+ 55. Kg4 Qc3 56. Qxe6+ Kh7 57. Qe4+ Kh6 58. Rb6+ g6 59. Qxg6# 1-0


[Site "https://www.chess.com"]

[Event "Titled Tuesday Blitz January 17 Late 2023"]
[White "Donskov, Anatoly"]
[Black "Paichadze, Luka"]
[WhiteFideId "24143413"]
[BlackFideId "13602934"]
[WhiteElo "2279"]
[BlackElo "2515"]
[Result "0-1"]
[Round "01"]
[TimeControl "180+2"]
[Date "2023.01.17"]
[WhiteClock "0:00:03"]
[BlackClock "0:01:25"]

1. e4 c6 2. d4 d5 3. Nc3 dxe4 4. Nxe4 Nf6 5. Ng3 h5 6. h4 Bg4 7. Be2 Nbd7 8. c3 Qc7 9. Bxg4 hxg4 10. N1e2 e6 11. Bf4 Bd6 12. Bxd6 Qxd6 13. Qd2 O-O-O 14. O-O-O Qd5 15. Kb1 Qxg2 16. Qf4 Qd5 17. Qg5 Ne4 18. Qxd5 exd5 19. Nxe4 dxe4 20. Ng3 Nf6 21. Rde1 Rde8 22. Nf5 Kc7 23. Nxg7 Reg8 24. Nf5 Re8 25. c4 Nh5 26. Re3 Nf4 27. Ng3 Nh3 28. Rxe4 Rxe4 29. Nxe4 f5 30. Ng3 f4 31. Ne2 f3 32. Ng3 Nxf2 33. Rf1 Nh3 34. h5 Nf4 35. Rh1 f2 36. Kc2 Nxh5 0-1


[Site "https://www.chess.com"]

[Event "Titled Tuesday Blitz January 17 Late 2023"]
[White "Kosakowski, Jakub"]
[Black "Tymrakiewicz, Rafal"]
[WhiteFideId "1185080"]
[BlackFideId "1108832"]
[WhiteElo "2485"]
[BlackElo "2144"]
[Result "1-0"]
[Round "01"]
[TimeControl "180+2"]
[Date "2023.01.17"]
[WhiteClock "0:00:04"]
[BlackClock "0:00:02"]

1. d4 Nf6 2. Nf3 d6 3. c3 g6 4. Nbd2 Bg7 5. e4 O-O 6. Bd3 Nc6 7. O-O e5 8. h3 Nd7 9. Nb3 a5 10. a4 b6 11. Re1 Bb7 12. dxe5 Ndxe5 13. Nxe5 Nxe5 14. Bc2 Qh4 15. Nd4 Rae8 16. f4 Nc6 17. Nb5 Re7 18. Be3 Rfe8 19. Qd2 Nd8 20. Bf2 Qf6 21. Re2 Ne6 22. Be3 Nc5 23. Bxc5 bxc5 24. Rae1 Qh4 25. Kh2 f5 26. g3 Qh5 27. Bb3+ Kh8 28. Bd5 Bxd5 29. Qxd5 fxe4 30. Qc6 g5 31. g4 Qh4 32. Nxc7 gxf4 33. Nxe8 Qg3+ 34. Kh1 Qxh3+ 35. Rh2 Qf3+ 36. Rg2 Be5 37. Nxd6 Qh3+ 38. Kg1 f3 39. Qc8+ Kg7 40. Nf5+ 1-0


[Site "https://www.chess.com"]

[Event "Titled Tuesday Blitz January 17 Late 2023"]
[White "Garcia Almaguer, Juan Manuel"]
[Black "Yanchenko, Roman"]
[WhiteFideId "5110491"]
[BlackFideId "4137329"]
[WhiteElo "2090"]
[BlackElo "2466"]
[Result "0-1"]
[Round "01"]
[TimeControl "180+2"]
[Date "2023.01.17"]
[WhiteClock "0:00:33"]
[BlackClock "0:00:49"]

1. e4 e6 2. d4 d5 3. Nd2 c5 4. Ngf3 Nc6 5. exd5 exd5 6. Bb5 c4 7. Bxc6+ bxc6 8. O-O Bd6 9. h3 Ne7 10. b3 cxb3 11. axb3 O-O 12. Ba3 Nf5 13. Bxd6 Qxd6 14. Ra5 Qb4 15. Qa1 Nxd4 16. Nxd4 Qxd2 17. Rxa7 Rxa7 18. Qxa7 Qc3 19. Qa1 Qc5 20. c3 Qb6 21. b4 c5 22. Nc2 Bf5 23. bxc5 Qxc5 24. Nd4 Bg6 25. Re1 Rc8 26. Re3 h6 27. g4 Be4 28. Qe1 Qc7 29. f3 Bg6 30. Re8+ Rxe8 31. Qxe8+ Kh7 32. Qe1 Qf4 33. Kg2 Qb8 34. h4 h5 35. Qd2 hxg4 36. fxg4 Be4+ 37. Kh3 Qb1 38. Nf5 Qf1+ 39. Kg3 Qf3+ 40. Kh2 Qxg4 0-1


[Site "https://www.chess.com"]

[Event "Titled Tuesday Blitz January 17 Late 2023"]
[White "Moroni, Luca Jr"]
[Black "Mortazavi, Ali"]
[WhiteFideId "865834"]
[BlackFideId "401323"]
[WhiteElo "2535"]
[BlackElo "2333"]
[Result "1-0"]
[Round "01"]
[TimeControl "180+2"]
[Date "2023.01.17"]
[WhiteClock "0:01:19"]
[BlackClock "0:00:19"]

1. g3 g6 2. Bg2 Bg7 3. d4 Nf6 4. b3 O-O 5. Bb2 d6 6. Nf3 a5 7. c4 a4 8. bxa4 c6 9. O-O Qa5 10. Nc3 Qh5 11. h4 e5 12. Ba3 e4 13. Ng5 e3 14. f3 h6 15. Nh3 Qa5 16. Rc1 Bf5 17. g4 Bxg4 18. fxg4 Nxg4 19. Bxd6 Rd8 20. c5 Qb4 21. Rf4 h5 22. Qb3 Na6 23. Qxf7+ Kh8 24. Qxg6 Qb2 25. Rcf1 Nb4 26. Ng5 1-0


[Site "https://www.chess.com"]

[Event "Titled Tuesday Blitz January 17 Late 2023"]
[White "Ortega Ruiz, Jose Miguel"]
[Black "Holt, Conrad"]
[WhiteFideId "2209713"]
[BlackFideId "2034387"]
[WhiteElo "2351"]
[BlackElo "2540"]
[Result "0-1"]
[Round "01"]
[TimeControl "180+2"]
[Date "2023.01.17"]
[WhiteClock "0:01:39"]
[BlackClock "0:02:15"]

1. c4 c6 2. g3 d5 3. d4 dxc4 4. Bg2 e5 5. dxe5 Qxd1+ 6. Kxd1 Nd7 7. Nf3 Ne7 8. e6 fxe6 9. Nc3 Nd5 10. Ne4 N7f6 11. Nd4 Nxe4 12. Bxe4 Nf6 13. Bg2 e5 14. Nc2 Ng4 15. Ke1 Bc5 16. e3 O-O 17. f4 Bf5 18. e4 exf4 19. exf5 Rae8+ 20. Kf1 fxg3 21. h3 Rxf5+ 0-1


[Site "https://www.chess.com"]

[Event "Titled Tuesday Blitz January 17 Late 2023"]
[White "Urazayev, Arystanbek"]
[Black "Urbina Perez, Juan Antonio"]
[WhiteFideId "13709810"]
[BlackFideId "2217368"]
[WhiteElo "2460"]
[BlackElo "2266"]
[Result "0-1"]
[Round "01"]
[TimeControl "180+2"]
[Date "2023.01.17"]
[WhiteClock "0:00:05"]
[BlackClock "0:00:15"]

1. e4 e5 2. Nf3 Nc6 3. Bb5 a6 4. Ba4 Nf6 5. O-O b5 6. Bb3 Bc5 7. a4 Bb7 8. c3 d6 9. d4 Bb6 10. Bg5 O-O 11. Re1 h6 12. Bh4 Re8 13. axb5 axb5 14. Rxa8 Bxa8 15. Na3 b4 16. Nc2 bxc3 17. bxc3 Na5 18. Ba2 exd4 19. cxd4 g5 20. Nxg5 hxg5 21. Bxg5 Bxe4 22. Ne3 d5 23. f3 Bg6 24. Re2 Nc4 25. Ng4 Rxe2 26. Nxf6+ Kh8 27. Ne4 Rxe4 28. Bxd8 Bxd4+ 29. Kh1 Ne3 30. Qb1 Re8 31. Bxc7 Bxb1 32. Bxb1 Rc8 0-1


[Site "https://www.chess.com"]